Map: Automaton LE

Players

Elias

  • Race: Protoss Protoss
  • League: Master
  • Spawn Location: 9:00

MamaLaMacro - Winner!

  • Race: Protoss Protoss
  • League: Master
  • Spawn Location: 3:00

VOD

https://www.youtube.com/watch?v=rYCbGBjNtAc&feature=youtu.be

Description

Time

  • Played on: March 24, 2019, 10:42 a.m.
  • Length: 6:16
Show
View Real Time Build Order
Export as new Build Order

Elias Protoss 

Build Orders: Phoenix Opening 

Get SALT Encoding   

  12  0:01  Probe  
  13  0:13  Probe  
  14  0:18  Pylon  
  14  0:24  Probe  
  15  0:33  Probe  
  15  0:39  Gateway  
  15  0:41  Probe  
  16  0:49  Assimilator  
  17  0:53  Probe  
  18  0:58  Assimilator  
  18  1:01  Probe  
  19  1:13  Gateway  
  19  1:14  Probe  
  20  1:26  Probe  
  21  1:35  Cybernetics Core  
  21  1:38  Probe  
  22  1:47  Pylon  
  22  1:50  Probe  
  23  2:05  Probe  
  24  2:12  Stargate  
  24  2:17  Adept, Probe  
  24  2:20  Warp Gate  
  27  2:23  Adept  
  29  2:31  Probe  
  30  2:38  Pylon  
  29  2:59  Phoenix  
  31  3:09  Stalker x2  
  35  3:18  Pylon  
  35  3:19  Robotics Facility  
  35  3:28  Phoenix  
  37  3:52  Probe  
  34  3:58  Phoenix  
  34  4:01  Observer  
  37  4:19  Immortal  
  41  4:27  Nexus  
  41  4:30  Pylon  
  41  4:38  Phoenix  
  39  4:53  Probe  
  40  5:02  Probe  
  40  5:10  Probe  
  40  5:19  Probe  
  41  5:26  Stalker  
  44  5:31  Probe  
  45  5:43  Probe  
  45  5:47  Sentry  
  48  5:51  Pylon  
  48  5:53  Shield Battery  
  48  5:54  Shield Battery  
Show
View Real Time Build Order
Export as new Build Order

MamaLaMacro Protoss - Winner!

Build Orders: Blink Stalkers, Zealot Archon, Dark Templar Rush 

Get SALT Encoding   

  12  0:00  Probe  
  13  0:13  Probe  
  14  0:17  Pylon  
  14  0:24  Probe  
  15  0:32  Probe  
  15  0:40  Gateway  
  15  0:41  Probe  
  16  0:49  Assimilator  
  17  0:56  Probe  
  18  1:03  Assimilator  
  18  1:10  Gateway, Probe  
  19  1:18  Probe  
  20  1:28  Cybernetics Core  
  20  1:29  Probe  
  21  1:39  Pylon  
  21  1:43  Probe  
  22  1:55  Probe  
  23  2:05  Stalker  
  23  2:06  Sentry  
  27  2:08  Warp Gate  
  27  2:12  Twilight Council  
  27  2:15  Probe  
  28  2:25  Pylon  
  28  2:29  Probe  
  29  2:47  Stalker x2  
  33  3:04  Dark Shrine  
  33  3:15  Gateway  
  33  3:18  Gateway  
  33  3:23  Gateway  
  33  3:31  Pylon  
  33  3:34  Blink  
  33  3:48  Probe  
  31  4:06  Probe  
  31  4:09  Pylon  
  32  4:16  Dark Templar  
  34  4:18  Dark Templar, Probe  
  37  4:29  Pylon  
  37  4:49  Archon  
  37  4:52  Stalker x3  
  43  4:54  Stalker  
  45  5:08  Stalker  
  43  5:22  Stalker x2  
  43  5:26  Pylon  
  47  5:32  Stalker  
  49  5:41  Adept x2  
  50  5:45  Probe  
  42  6:05  Stalker x2  
Tags
 
Add a new tag
Caveats
  • Supply blocks, unpowered buildings, or Contaminate may cause inaccurate times.
  • Supply counts are checked every 10 seconds.